 Dungeon Crawl Stone Soup version 0.26.1-2-gb8aa6d0cf2 (webtiles) character file.

Game seed: 572673584518346348

5280 sizableburger the Carver (level 10, -2/70 HPs)
             Began as a Human Fighter on Feb 17, 2021.
             Was a Priest of Zin.
             Slain by Harold
             ... wielding a +0 battleaxe
              (14 damage)
             ... on level 8 of the Dungeon.
             The game lasted 00:26:27 (7648 turns).

sizableburger the Carver (Human Fighter)            Turns: 7648, Time: 00:26:27

Health: -2/70      AC: 10    Str: 18    XL:     10   Next: 94%
Magic:  13/13      EV:  9    Int: 10    God:    Zin [***...]
Gold:   68         SH:  0    Dex: 13    Spells: 9/9 levels left

rFire    . . .     SeeInvis +   a - +2 long sword
rCold    + . .     Faith    .   c - +0 kite shield
rNeg     . . .     Spirit   .   b - +0 scale mail
rPois    .         Reflect  .   d - +0 helmet
rElec    .         Harm     .   A - scarf {shadows}
rCorr    .         Rampage  .   E - +1 pair of gloves of Datri {SInv}
Will     .....                  (no boots)
Stlth    ..........             o - amulet of regeneration
HPRegen  0.61/turn              g - ring of protection from cold
MPRegen  0.13/turn              s - +4 ring of slaying

@: confused, marked, berserk cooldown, very slightly contaminated, slowed,
invisible, very slow
A: no striking features
a: Renounce Religion, Recite, Vitalisation, Imprison, Donate Gold


You were on level 8 of the Dungeon.
You worshipped Zin.
Zin was most pleased with you.
You visited 2 branches of the dungeon, and saw 10 of its levels.

You collected 371 gold pieces.
You spent 266 gold pieces at shops.
You donated 37 gold pieces to Zin.

Inventory:

Hand Weapons
 a - a +2 long sword (weapon)
Armour
 b - a +0 scale mail (worn)
 c - a +0 kite shield (worn)
 d - a +0 helmet (worn)
 A - a scarf of shadows (worn)
 E - the +1 pair of gloves of Datri (worn) {SInv}
   (You bought it in a shop on level 9 of the Dungeon)

   It lets you see invisible.
Jewellery
 g - a ring of protection from cold (left hand)
 o - an amulet of regeneration (around neck)
 s - a +4 ring of slaying (right hand)
 w - an uncursed ring of fire
 x - an uncursed amulet of faith
Wands
 h - a wand of iceblast (8)
 y - a wand of acid (5)
Scrolls
 e - 4 scrolls of remove curse
 f - a scroll of identify
 i - 2 scrolls of fog
 j - 4 scrolls of amnesia
 u - a scroll of teleportation
 z - a scroll of fear
Potions
 k - 5 potions of flight
 l - 3 potions of cancellation
 n - 2 potions of invisibility
 q - a potion of degeneration
 r - a potion of ambrosia
 t - 2 potions of berserk rage
 v - 2 potions of lignification {unknown}
 D - a potion of mutation {unknown}


   Skills:
 - Level 3.1 Fighting
 + Level 10.7 Long Blades
 - Level 3.1 Armour
 - Level 1.8 Dodging
 + Level 10.3 Shields
 - Level 4.0 Invocations
 - Level 2.2 Evocations


You had 9 spell levels left.
You didn't know any spells.
Your spell library contained the following spells:

 Spells                   Type           Power        Failure   Level
 Confusing Touch          Hex            0%           100%        3
 Gell's Gravitas          Tloc           0%           100%        3
 Petrify                  Tmut/Erth      0%           100%        4
 Metabolic Englaciation   Hex/Ice        0%           100%        5
 Yara's Violent Unravell  Hex/Tmut       0%           100%        5


Dungeon Overview and Level Annotations

Branches:
Dungeon (9/15)             Temple (1/1) D:4
   Lair: D:8-11         Orc: D:9-12

Altars:
Ashenzari
Cheibriados
Dithmenos
Elyvilon
Fedhas
Gozag
Hepliaklqana
Kikubaaqudgha
Makhleb
Nemelex Xobeh
Okawaru
Qazlal
Ru
Sif Muna
Trog
Uskayaw
Vehumet
Wu Jian
Xom
Yredelemnul
Zin
The Shining One

Shops:
D:9 [

Annotations:
D:8 Harold


Message History

Hit: a) +2 long sword
Press: ? - help, Dir - move target, f/p - Harold
Aim: Harold, wielding a +0 battleaxe, wearing a +0 scale mail and quivering 3 throwing nets
Okay, then.
Press: ? - help, v - describe, . - travel
Here: Harold, wielding a +0 battleaxe, wearing a +0 scale mail and quivering 3 throwing nets The floor.
You fade into invisibility!
Harold hits you with a +0 battleaxe.
* * * LOW HITPOINT WARNING * * *
You are very lightly contaminated with residual magic.
You are confused.
You feel invigorated. Harold barely misses you. Harold completely misses you.
Harold fires a harpoon shot at you. The harpoon shot hits you!
* * * LOW HITPOINT WARNING * * *
You are yanked forward by the harpoon shot.
There is a stone staircase leading down here.
Harold hits you with a +0 battleaxe!
You die...

#.# #.#.######....(.....## #
#.# #......).............# #
#.# #.####......####.....# #
#.# #....)..#.#.# #.....# #
#.########..#.#.####.....###
#......###..#.#.##..........
###.....##..#.#.##.........#
#.....##@>................
#.....##.@#.####..........
#.....##..................
#.....##..#..........#....
#.....##..........##.#....
#.....###.................
#.....###.................
#...................####.#
#......##########'#.......
#...........# #.######..


You could see Harold.

Vanquished Creatures
  Psyche (D:9)
  A troll (D:7)
  Grinder (D:3)
  5 yaks (D:9)
  Eustachio (D:5)
  3 ice beasts
  A water moccasin (D:8)
  3 orc warriors
  An eye of draining (D:8)
  2 black bears
  A sky beast (D:7)
  2 phantoms
  6 ogres
  A big kobold (D:8)
  4 bullfrogs
  2 scorpions
  3 wights (D:6)
  A howler monkey (D:4)
  An electric eel (D:8)
  A centaur skeleton (D:9)
  6 orc priests
  2 bullfrog skeletons (D:8)
  8 hounds
  7 orc wizards
  3 iguanas
  4 jellies
  8 worker ants
  2 hound zombies
  A hound skeleton (D:8)
  3 gnolls (D:6)
  5 adders
  A shadow imp (D:8)
  A white imp (D:7)
  An ufetubus (D:6)
  2 oozes
  A worm (D:3)
  3 dart slugs
  2 leopard geckos
  31 orcs
  8 bats
  11 giant cockroaches
  7 goblins
  16 hobgoblins
  8 jackals
  12 kobolds
  3 quokkas
  A ball python (D:4)
  5 frilled lizards
  A jackal skeleton (D:8)
  A leopard gecko zombie (D:7)
  3 rats
208 creatures vanquished.

Vanquished Creatures (others)
  An orc wizard (D:6)
  An adder (D:8)
2 creatures vanquished.

Grand Total: 210 creatures vanquished

Notes
Turn   | Place    | Note
-------+----------+-------------------------------------------
     0 | D:1      | sizableburger the Human Fighter began the quest for the
                  | Orb.
     0 | D:1      | Reached XP level 1. HP: 18/18 MP: 1/1
    56 | D:1      | Reached XP level 2. HP: 24/24 MP: 2/2
   599 | D:1      | Reached XP level 3. HP: 28/29 MP: 3/3
  1219 | D:2      | Reached XP level 4. HP: 31/35 MP: 4/4
  1491 | D:3      | Noticed Grinder
  1977 | D:3      | Paralysed by Grinder for 2 turns
  2102 | D:3      | Paralysed by Grinder for 7 turns
  2114 | D:3      | Paralysed by Grinder for 7 turns
  2128 | D:3      | Killed Grinder
  2129 | D:3      | Reached skill level 1 in Dodging
  2129 | D:3      | Reached XP level 5. HP: 27/41 MP: 5/5
  2129 | D:3      | Reached XP level 6. HP: 32/47 MP: 6/6
  2470 | D:4      | Found a staircase to the Ecumenical Temple.
  2492 | D:4      | Noticed an ogre
  2516 | Temple   | Entered the Ecumenical Temple
  2601 | Temple   | Became a worshipper of Zin the Law-Giver
  2601 | Temple   | Reached * piety under Zin
  2621 | D:4      | Killed an ogre
  2622 | D:4      | Reached skill level 5 in Long Blades
  2622 | D:4      | Reached skill level 5 in Shields
  2622 | D:4      | Reached XP level 7. HP: 34/52 MP: 7/7
  2966 | D:4      | Reached skill level 1 in Invocations
  3622 | D:5      | Entered Level 5 of the Dungeon
  3696 | D:5      | Reached XP level 8. HP: 50/58 MP: 9/9
  3890 | D:5      | Noticed Eustachio
  3902 | D:5      | Killed Eustachio
  4259 | D:6      | Reached skill level 1 in Evocations
  4268 | D:6      | Reached ** piety under Zin
  4342 | D:6      | Reached XP level 9. HP: 57/63 MP: 12/12
  5629 | D:7      | Noticed a troll
  5686 | D:7      | Killed a troll
  6161 | D:8      | Reached XP level 10. HP: 36/70 MP: 13/13
  6304 | D:8      | Found a blossoming altar of Fedhas.
  6324 | D:8      | Reached *** piety under Zin
  6502 | D:8      | Found a blossoming altar of Fedhas.
  7137 | D:9      | Found Ovutonwe's Antique Armour Boutique.
  7147 | D:9      | Bought a pair of slimy gloves for 266 gold pieces
  7231 | D:9      | Identified the +1 pair of gloves of Datri {SInv} (You
                  | bought it in a shop on level 9 of the Dungeon)
  7276 | D:9      | Reached skill level 10 in Long Blades
  7400 | D:9      | Reached skill level 10 in Shields
  7493 | D:9      | Noticed Psyche
  7618 | D:9      | Killed Psyche
  7634 | D:9      | Noticed Harold
  7645 | D:8      | HP: 2/70 [Harold/+0 battleaxe (6)]
  7648 | D:8      | Slain by Harold

Illustrated notes

Levels and vault maps discovered:
D:1:      amcnicky_arrival_gap_in_the_tavern_cellar, layout_basic
D:2:      layout_basic, minmay_cut_off
D:3:      layout_basic, minmay_goblin_kobold_house, uniq_grinder
D:4:      layout_cave_pods, temple_hall, gup_sewer_entry_glass
D:5:      layout_cave_pools, minmay_diced_spiral, uniq_eustachio
D:6:      layout_cave_pods
D:7:      layout_rooms, grunt_ministairs_7
D:8:      layout_basic, kennysheep_little_box, fedhas_ov_isle_minmay
D:9:      layout_cave_pools, serial_shops, shop, shop, nicolae_shop_stone, shop,
          minmay_checkerbox, uniq_erolcha, uniq_harold, uniq_psyche
Temple:   grunt_wide_crystal_templ

Skill      XL: |  1  2  3  4  5  6  7  8  9 10 |
---------------+-------------------------------+-----
Long Blades    | 3 4 5 7 9 10 | 10.7
Dodging        | 1 |  1.8
Shields        | 4 5 6 8 10 | 10.3
Invocations    | 2 4 |  4.0
Evocations     | 2 |  2.2
Fighting       | |  3.1
Armour         | |  3.1

Action                   |  1- 3 |  4- 6 |  7- 9 | 10-12 || total
-------------------------+-------+-------+-------+-------++-------
Melee: Long sword        |   131 |   116 |   473 |   219 ||   939
Invok: Recite            |       |       |     6 |     3 ||     9
       Vitalisation      |       |       |     1 |     1 ||     2
Evoke: Wand              |       |       |     6 |       ||     6
  Use: Potion            |     1 |     6 |     2 |     8 ||    17
       Scroll            |       |    11 |     8 |     3 ||    22
Armor: Scale mail        |    76 |    62 |   184 |    47 ||   369
       Skin              |       |       |       |    24 ||    24
Dodge: Dodged            |    34 |    49 |   139 |    70 ||   292
Block: Kite shield       |    67 |    68 |   255 |   122 ||   512
       Rpst.: Long sword |    14 |    21 |    42 |    13 ||    90
